cohdb
Replays
Latest Replays
All Replays
Popular Replays
Top Player Replays
Match Explorer
How It Works
Community
CoH3 Stats
Reddit
Sign in to upload your games and track your stats! →
Sign in with Steam
Match 39927088
Unlisted
Match 39927088
Overview
Messages
Build Orders
End
Pioneer Squad
Construct Infanterie Kompanie
MG 42 Machine Gun Team
Selects Mechanized Battlegroup
GrW 34 Mortar Team
Grenadier Squad
Infanterie Officer Quarters
Grenadier Squad
Construct Panzergrenadier Kompanie
MG 42 Bunker
251 Medium Carrier
251 Medium Carrier
Pak 40 Anti-tank Gun Team
Pioneer Squad
MG 42 Machine Gun Team
Construct Panzer Kompanie
Selects Spotting Scopes
Selects Wespe Self-propelled Artillery
Panzer IV Medium Tank
Selects Zeroing Artillery Barrage
Grenadier Squad
Stoßtruppen Squad
Selects Zeroing Artillery Barrage
Selects Zeroing Artillery Barrage
Selects Raid Package
Zeroing Artillery Barrage
Panzer IV Medium Tank
Wespe Self-propelled Artillery
Zeroing Artillery Barrage
破晓泪
Electrobolt
寻欢
hero
Captain Winters
ChuCky76630
KEKEKING
Oncle-Hô
0
0
Comments
sign in to comment!
No comments posted yet!